 Dungeon Crawl Stone Soup version 0.26-a0-642-g67e99244d3 (webtiles) character file.

Game seed: 3798485065947747535

3231 DogServant the Thaumaturge (level 9, -2/52 HPs)
             Began as a Deep Elf Conjurer on Sept 21, 2020.
             Was a Follower of Vehumet.
             Collided with a rock wall (9 damage)
             ... caused by Erica
             ... on level 8 of the Dungeon.
             The game lasted 00:20:54 (9673 turns).

DogServant the Thaumaturge (Deep Elf Conjurer)      Turns: 9673, Time: 00:20:56

Health: -2/52      AC:  4    Str:  5    XL:     9   Next: 66%
Magic:  17/23      EV: 16    Int: 32    God:    Vehumet [*.....]
Gold:   226        SH:  0    Dex: 19    Spells: 11/25 levels left

rFire    . . .     SeeInvis .   i - +4 dagger (speed)
rCold    . . .     Faith    .   (no shield)
rNeg     . . .     Spirit   .   a - +1 robe
rPois    .         Reflect  .   (no helmet)
rElec    .         Harm     .   (no cloak)
rCorr    .         Rampage  .   m - +0 pair of gloves
MR       .....                  (no boots)
Stlth    +++.......             (no amulet)
HPRegen  0.17/turn              q - +6 ring of dexterity
MPRegen  0.18/turn              u - +6 ring of intelligence

@: slowed, very slow
A: no striking features
a: Renounce Religion


You were on level 8 of the Dungeon.
You worshipped Vehumet.
Vehumet was aware of your devotion.
You visited 2 branches of the dungeon, and saw 9 of its levels.

You collected 394 gold pieces.
You spent 168 gold pieces at shops.

Inventory:

Hand Weapons
 i - a +4 dagger of speed (weapon)
Armour
 a - a +1 robe (worn)
 m - a +0 pair of gloves (worn)
 w - a +1 leather armour of cold resistance
Jewellery
 q - a +6 ring of dexterity (left hand)
 u - a +6 ring of intelligence (right hand)
 v - a cursed -4 ring of dexterity
 y - an uncursed ring of resist corrosion {unknown}
 A - the ring "Jyxzuwnu" {+Fly rF- Str+3 Dex+2, unknown}
   (You found it on level 7 of the Dungeon)

   [ring of flight]

   It affects your strength (+3).
   It affects your dexterity (+2).
   It makes you vulnerable to fire.
   It lets you fly.
Wands
 g - a wand of polymorph (8)
Scrolls
 d - 5 scrolls of identify
 e - a scroll of amnesia
 j - 4 scrolls of remove curse
 l - a scroll of teleportation
 n - 2 scrolls of enchant weapon
 o - 4 scrolls of enchant armour
 t - a scroll of immolation {unknown}
 x - a scroll of fog
Potions
 b - a potion of resistance {unknown}
 c - a potion of flight {unknown}
 f - a potion of ambrosia {unknown}
 h - 2 potions of haste {unknown}
 k - 3 potions of lignification {unknown}
 p - 2 potions of degeneration {unknown}
 r - 2 potions of might {unknown}
 s - 3 potions of curing {unknown}
 z - a potion of heal wounds


   Skills:
 + Level 4.7 Fighting
 + Level 5.6 Dodging
 - Level 3.0 Stealth
 + Level 8.8 Spellcasting
 + Level 8.3 Conjurations
 + Level 7.0 Hexes
 + Level 4.8 Translocations


You had 11 spell levels left.
You knew the following spells:

 Your Spells              Type           Power        Failure   Level
a - Magic Dart            Conj           ####         1%          1
b - Searing Ray           Conj           ######       1%          2
c - Dazzling Flash        Conj/Hex       ######       1%          3
d - Fulminant Prism       Conj/Hex       ######....   1%          4
e - Iskenderun's Mystic   Conj/Tloc      ######..     2%          4

Your spell library contained the following spells:

 Spells                   Type           Power        Failure   Level
 Shock                    Conj/Air       ####         1%          1


Dungeon Overview and Level Annotations

Branches:
Dungeon (8/15)             Temple (1/1) D:6
   Lair: D:8-11

Altars:
Ashenzari
Cheibriados
Dithmenos
Elyvilon
Fedhas
Gozag
Hepliaklqana
Kikubaaqudgha
Makhleb
Nemelex Xobeh
Okawaru
Qazlal
Ru
Trog
Uskayaw
Vehumet
Wu Jian
Xom
Yredelemnul
Zin
The Shining One

Shops:
D:5 [

Annotations:
D:6 2 transporters, mandick's ghost, amateur TeAE
D:7 2 transporters, haldagan's ghost, novice BaTm
D:8 Erica


Message History

The adder hisses angrily.
Casting: Searing Ray (safe; 1% risk of failure)
Confirm with . or Enter, or press ? or * to list all spells.
Aiming: Searing Ray (safe; 1% risk of failure)
Press: ? - help, Shift-Dir - straight line, f - adder
Aim: an adder The searing ray hits something!
The searing ray misses the adder. (Press . to maintain the ray.)
You hear some strange, mumbled words.
A lance of force appears from out of thin air!
The lance of force hits you!!
You are knocked back by the lance of force.
You slam into the rock wall!
You hear some strange, mumbled words.
A lance of force appears from out of thin air!
The lance of force hits you!!
* * * LOW HITPOINT WARNING * * *
You are knocked back by the lance of force.
You slam into the rock wall!
You die...

#.....).##..##.#
#......o##..##.# ...
#.##(.##.#
#.##.##..##.#
#..<.##..##.##
###.$##..#...###.#
#..##().)......#
#.###..##.##.).#####
#.....S{.@###.##
#####..#### #.# #..#
#.# #..# #.# ...#
#.# ##..# #.# #...
..# #.. ###


You could see an adder.

Vanquished Creatures
  A two-headed ogre (D:8)
  Eustachio (D:4)
  A sky beast (D:7)
  4 phantoms
  2 ogres
  A centaur (D:7)
  2 scorpions (D:6)
  3 wights (D:7)
  2 howler monkeys (D:6)
  A crimson imp (D:6)
  A centaur zombie (D:6)
  A bullfrog zombie (D:5)
  A quasit (D:7)
  A centaur skeleton (D:4)
  12 orc wizards
  4 gnoll shamans
  2 bullfrog skeletons (D:4)
  A hound (D:4)
  5 orc priests
  5 worker ants
  Robin (D:3)
  24 gnolls
  5 adders
  A shadow imp (D:6)
  2 white imps (D:5)
  An ufetubus (D:6)
  3 oozes
  4 worms
  5 dart slugs
  5 leopard geckos
  29 orcs
  10 bats
  3 giant cockroaches
  21 goblins
  21 hobgoblins
  13 jackals
  2 quokkas
  A frilled lizard (D:3)
  A goblin skeleton (D:6)
  3 hobgoblin zombies (D:6)
  A jackal skeleton (D:4)
  3 kobolds (D:2)
  A kobold zombie (D:6)
  A leopard gecko skeleton (D:7)
  An orc skeleton (D:6)
  4 rats
  3 fulminant prisms
220 creatures vanquished.

Vanquished Creatures (others)
  12 fulminant prisms
  11 plants
23 creatures vanquished.

Grand Total: 243 creatures vanquished

Notes
Turn   | Place    | Note
-------+----------+-------------------------------------------
     0 | D:1      | DogServant the Deep Elf Conjurer began the quest for the
                  | Orb.
     0 | D:1      | Reached XP level 1. HP: 10/10 MP: 6/6
   147 | D:1      | Reached XP level 2. HP: 15/15 MP: 0/8
   177 | D:1      | Learned a level 2 spell: Searing Ray
   778 | D:1      | Reached XP level 3. HP: 19/19 MP: 6/10
  1091 | D:2      | Reached skill level 5 in Conjurations
  1705 | D:2      | Learned a level 3 spell: Dazzling Flash
  1900 | D:2      | Reached XP level 4. HP: 24/24 MP: 9/12
  2433 | D:3      | Noticed Robin
  2454 | D:3      | Killed Robin
  2841 | D:3      | Reached skill level 1 in Fighting
  3006 | D:3      | Reached skill level 5 in Spellcasting
  3011 | D:3      | Reached XP level 5. HP: 29/29 MP: 4/14
  3585 | D:4      | Found a stormy altar of Qazlal.
  3585 | D:4      | Found a faded altar of an unknown god.
  3590 | D:4      | Found a sacrificial altar of Ru.
  3593 | D:4      | Reached skill level 1 in Hexes
  3706 | D:4      | Found a hazy altar of Hepliaklqana.
  3707 | D:4      | Found an ornate altar of the Wu Jian Council.
  3740 | D:4      | Noticed Eustachio
  3762 | D:4      | Killed Eustachio
  3762 | D:4      | Reached XP level 6. HP: 35/35 MP: 1/16
  4106 | D:4      | Found a white marble altar of Elyvilon.
  4136 | D:4      | Reached XP level 7. HP: 32/40 MP: 9/18
  4600 | D:4      | Learned a level 4 spell: Fulminant Prism
  4605 | D:4      | Learned a level 4 spell: Iskenderun's Mystic Blast
  5499 | D:5      | Entered Level 5 of the Dungeon
  5658 | D:5      | Reached skill level 1 in Translocations
  5717 | D:5      | Reached XP level 8. HP: 46/46 MP: 11/20
  5803 | D:5      | Found Fapsuep's Armour Shoppe.
  5808 | D:5      | Bought a +1 leather armour of cold resistance for 168 gold
                  | pieces
  6277 | D:5      | Reached skill level 5 in Hexes
  6637 | D:5      | HP: 1/46 [orc priest/divine providence (16)]
  6950 | D:6      | Found a staircase to the Ecumenical Temple.
  6964 | Temple   | Entered the Ecumenical Temple
  7044 | Temple   | Became a worshipper of Vehumet
  7761 | D:6      | Found a transporter.
  7767 | D:6      | Noticed mandick's ghost (amateur TeAE)
  7831 | D:6      | Found a transporter.
  7924 | D:6      | Found a glowing golden altar of the Shining One.
  7929 | D:6      | Reached * piety under Vehumet
  7929 | D:6      | Offered knowledge of Shock by Vehumet.
  8297 | D:7      | Reached XP level 9. HP: 51/52 MP: 19/22
  8657 | D:7      | Identified the cursed +0 spear "Mydi" {venom, rPois rC+
                  | Int-5}
  8657 | D:7      | Identified the cursed +0 buckler of Dice, Bag, and Bottle
                  | {Slay+2}
  9000 | D:7      | Found a transporter.
  9001 | D:7      | Found a transporter.
  9003 | D:7      | Noticed haldagan's ghost (novice BaTm)
  9029 | D:7      | Got a shimmering steel ring
  9087 | D:7      | Reached skill level 5 in Dodging
  9437 | D:8      | Noticed Erica
  9510 | D:8      | Noticed a two-headed ogre
  9526 | D:8      | Killed a two-headed ogre
  9673 | D:8      | Collided with a rock wall

Illustrated notes

Levels and vault maps discovered:
D:1:      lightli_arrival_quake, layout_loops_ring, serial_rivers,
          chequers_serial_rivers_room_a, chequers_serial_rivers_small_3,
          chequers_serial_rivers_marsh, chequers_serial_rivers_large_b,
          chequers_serial_rivers_small_b, patterned_corridor
D:2:      minmay_chambers_of_ones, layout_basic
D:3:      layout_rooms, uniq_robin
D:4:      layout_basic, chequers_temple_overflow_minitemple, marbit_many_paths,
          uniq_eustachio
D:5:      lemuel_castle_with_subvaults [lemuel_castle_interior_carwin_1],
          layout_basic, serial_shops, kennysheep_little_box, shop,
          grunt_decor_arrowhead, minmay_tree_intersection
D:6:      layout_loops_ring, minmay_temple_entry_trees,
          gammafunk_ghost_stat_death, minmay_misc_feat_room,
          roderic_three_in_a_row, nicolae_tso_besieged_by_evil
D:7:      layout_loops_ring, gammafunk_ghost_gnarly_gnolls
D:8:      layout_loops_ring, lair_entry_dummy, uniq_erica
Temple:   nicolae_temple_elliptical

Skill      XL: |  1  2  3  4  5  6  7  8  9 |
---------------+----------------------------+-----
Spellcasting   | 4 5 6 7 8 |  8.8
Conjurations   | 5 6 7 8 |  8.3
Stealth        | 3 |  3.0
Fighting       | 1 2 3 4 |  4.7
Hexes          | 2 3 4 6 7 |  7.0
Translocations | 1 3 4 |  4.8
Dodging        | 3 4 5 |  5.6

Action                   |  1- 3 |  4- 6 |  7- 9 || total
-------------------------+-------+-------+-------++-------
Melee: Dagger            |       |     1 |    15 ||    16
 Cast: Magic Dart        |    74 |    47 |   101 ||   222
       Searing Ray       |     7 |    29 |    76 ||   112
       Dazzling Flash    |       |     1 |       ||     1
       Fulminant Prism   |       |       |    15 ||    15
  Use: Scroll            |     3 |       |     5 ||     8
       Potion            |       |       |     3 ||     3
Armor: Robe              |     1 |     4 |    16 ||    21
Dodge: Dodged            |     9 |    15 |    49 ||    73

Table legend: (Time is in decaauts)
 A = Elapsed time spent in this place.
 B = Non-inter-level travel time spent in this place.
 C = Inter-level travel time spent in this place.
 D = Time resting spent in this place.
 E = Time spent auto-exploring this place.
 F = Levels seen in this place.
 G = Mean time per level.
                   A        B        C        D        E       F      G
               +--------+--------+--------+--------+--------+-----+--------+
         Total |   9695 |   9529 |    166 |   2286 |   6159 |   9 | 1077.2 |
       Dungeon |   9560 |   9400 |    160 |   2286 |   6036 |   8 | 1195.0 |
        Temple |    134 |    128 |      6 |      0 |    123 |   1 |  134.0 |
               +--------+--------+--------+--------+--------+-----+--------+

Top non-repeatable levels by time:
     D:4: 2083 daAuts
     D:6: 1471 daAuts
     D:2: 1331 daAuts
     D:7: 1158 daAuts
     D:3: 1152 daAuts
     D:1: 1115 daAuts
     D:5: 1004 daAuts
     D:8: 243 daAuts
  Temple: 134 daAuts
